 Dungeon Crawl Stone Soup version 0.31-a0-204-g7da18cac08 (webtiles) character file.

Game seed: 354563061340795203

58 qw the Shooter (level 3, -1/20 HPs)
             Began as a Deep Elf Hunter on June 27, 2023.
             Slain by a goblin
             ... wielding a +0 falchion of flaming
              (2 damage)
             ... on level 2 of the Dungeon.
             The game lasted 00:00:26 (993 turns).

qw the Shooter (Deep Elf Hunter)                     Turns: 993, Time: 00:00:26

Health: -1/20      AC:  4    Str: 10    XL:     3   Next: 76%
Magic:  5/5        EV: 12    Int: 13    God:
Gold:   67         SH:  0    Dex: 18    Spells: 2/2 levels left

rFire   . . .        Y - +0 shortbow
rCold   . . .        (shield currently unavailable)
rNeg    . . .        c - +0 leather armour
rPois   .            d - +0 helmet
rElec   .            (no cloak)
rCorr   .            (no gloves)
SInv    .            (no boots)
Will    .....        (no amulet)
Stlth   ++           (no ring)
HPRegen 0.23/turn    (no ring)
MPRegen 0.09/turn

%: no passive effects
@: no status effects
A: no striking features
a: no special abilities


You were on level 2 of the Dungeon.
You visited 1 branch of the dungeon, and saw 2 of its levels.

You collected 67 gold pieces.


   Skills:
 - Level 1.5 Fighting
 + Level 7.2 Ranged Weapons
 - Level 2.4 Dodging
 - Level 1.2 Stealth


You had 2 spell levels left.
You didn't know any spells.
Your spell library was empty.

Inventory:

Hand Weapons
 Y - a +0 shortbow (weapon)
Armour
 c - a +0 leather armour (worn)
 d - a +0 helmet (worn)
Scrolls
 a - a scroll of amnesia {unknown}
 b - a scroll of vulnerability {unknown}
Potions
 e - a potion of magic {unknown}

Dungeon Overview and Level Annotations

Branches:
Dungeon (2/15)

Altars:

Shops:
D:1 [


Message History

The bat is heavily wounded.
The bat misses you.
You shoot an arrow. The arrow closely misses the bat.
The bat misses you.
You shoot an arrow. The arrow closely misses the bat.
The arrow hits the dart slug.
The dart slug is lightly wounded.
The bat barely misses you.
You shoot an arrow. The arrow barely misses the bat.
The arrow barely misses the hobgoblin.
The bat barely misses you. The bat closely misses you.
The goblin hits you with a +0 falchion of flaming!
The goblin burns you.
You shoot an arrow. The arrow barely misses the bat.
The bat hits you but does no damage. x2; The goblin closely misses you.
The bat closely misses you.
You shoot an arrow. The arrow hits the bat.
You kill the bat!
The goblin hits you with a +0 falchion of flaming.
The goblin burns you.
You shoot an arrow. The arrow hits the hobgoblin.
The hobgoblin is heavily wounded.
The hobgoblin closely misses you. The goblin hits you but does no damage.
You shoot an arrow. The arrow hits the hobgoblin.
The hobgoblin is almost dead.
The hobgoblin hits you but does no damage.
The goblin hits you with a +0 falchion of flaming.
The goblin burns you.
You shoot an arrow. The arrow closely misses the hobgoblin.
The hobgoblin hits you but does no damage.
The goblin hits you with a +0 falchion of flaming.
The goblin burns you.
You shoot an arrow. The arrow hits the hobgoblin!
You kill the hobgoblin!
The goblin closely misses you.
You shoot an arrow.
The arrow hits the dart slug but does no damage.
The dart slug is lightly wounded.
The goblin hits you with a +0 falchion of flaming.
You die...

.. #. ##. #.
.<. .. .....#.
...#.#.
#..>..## #..wg#
#@# #.## #..###
##...#####
###.....#######
#######..).....
#.........#####
#.........#...#
#.........#.#.#


You could see a dart slug and a goblin.

Vanquished Creatures
  An adder (D:2)
  3 dart slugs (D:1)
  2 ball pythons (D:1)
  A bat (D:2)
  5 endoplasms
  2 giant cockroaches (D:1)
  4 goblins
  3 hobgoblins
  2 jackals (D:2)
  6 kobolds
  4 quokkas (D:1)
  A frilled lizard (D:1)
  3 rats
37 creatures vanquished.

Notes
Turn   | Place    | Note
-------+----------+-------------------------------------------
     0 | D:1      | qw the Deep Elf Hunter began the quest for the Orb.
     0 | D:1      | Reached XP level 1. HP: 12/12 MP: 3/3
     0 | D:1      | 0 ||| qw: Version: 0.3-a-22-g0ed2b0b
     0 | D:1      | 0 ||| qw: Game counter: 6547
     0 | D:1      | 0 ||| qw: Melee chars always use a shield: true
     0 | D:1      | 0 ||| qw: God list: Okawaru
     0 | D:1      | 0 ||| qw: Allow faded altars: false
     0 | D:1      | 0 ||| qw: Do Orc after clearing Dungeon:15 true
     0 | D:1      | 0 ||| qw: Do second Lair branch before Depths: true
     0 | D:1      | 0 ||| qw: Lair rune preference: random
     0 | D:1      | 0 ||| qw: Goals: Normal
     0 | D:1      | 0 ||| PLANNING D:1-11
   202 | D:1      | Reached XP level 2. HP: 16/16 MP: 4/4
   210 | D:1      | Reached skill level 6 in Ranged Weapons
   327 | D:1      | Found Loidd's Armour Emporium.
   334 | D:1      | 334 ||| SHOPLISTING +3 leather armour (266 gold, have 13).
   366 | D:1      | Reached XP level 3. HP: 20/20 MP: 5/5
   689 | D:1      | 689 ||| UPGRADING to +0 helmet.
   694 | D:1      | 694 ||| READING scroll labelled YDEC DOTREINI.
   697 | D:1      | 697 ||| READING scroll labelled HUCIULL KEFIEN.
   698 | D:1      | 698 ||| DROPPING scroll of butterflies.
   829 | D:2      | Reached skill level 7 in Ranged Weapons
   860 | D:2      | Found a faded altar of an unknown god.
   990 | D:2      | HP: 4/20 [goblin/+0 falchion of flaming (4)]
   991 | D:2      | HP: 1/20 [goblin/+0 falchion of flaming (1)]
   993 | D:2      | Slain by a goblin

Levels and vault maps discovered:
D:1:      shiori_arrival_elements, layout_basic, serial_shops, shop
D:2:      minmay_general_purpose_star, layout_basic,
          ebering_ecumenical_altar_ruins, uniq_terence, uniq_sigmund

Skill      XL: |  1  2  3 |
---------------+----------+-----
Ranged Weapons | 6 7 |  7.2
Fighting       | |  1.5
Dodging        | |  2.4
Stealth        | |  1.2

Action                     || total
---------------------------++-------
   Fire: Shortbow          ||   119
    Use: Scroll            ||     2
 Armour: Leather armour    ||    20
  Dodge: Dodged            ||    52

Table legend:
 A = Non-vault XP
 B = Vault XP
 C = Vault XP percentage of total XP
 D = Non-vault monster count
 E = Vault monster count
 F = Vault count percentage of total count
                 A         B        C        D         E       F
            +---------+---------+-------+---------+---------+-------
      Total |      84 |       0 |   0.0 |      37 |       0 |   0.0
            +---------+---------+-------+---------+---------+-------
        D:1 |      51 |       0 |   0.0 |      25 |       0 |   0.0
        D:2 |      33 |       0 |   0.0 |      12 |       0 |   0.0
            +---------+---------+-------+---------+---------+-------
